Patriotes vs Wolves
(R1)
Created - 27 avril 2013 at 22:10
Goals
|
| Patriotes |
0 |
1 |
0 |
1 |
| Wolves |
1 |
1 |
1 |
3 |
|
Shots
|
| Patriotes |
9 |
6 |
11 |
26 |
| Wolves |
13 |
11 |
17 |
41 |
|
1st period
1. Wolves , Vyacheslav Kozlov 41 (Alexander Perezhogin, Mike Zigomanis) at 17:02 (PP)
Penalties :
Rich Peverley (Min) for Hooking (Minor) at 10:44, Zenon Konopka (Nyc) for Boarding (Minor) at 10:44, Chris Neil (Min) for Hooking (Minor) at 13:59, Cade Fairchild (Nyc) for Unsportsmanlike conduct (Major / Game Misconduct) at 16:56
2nd period
2. Wolves , Chris Neil 31 (Milan Bartovic) at 4:24
3. Patriotes , Zenon Konopka 1 (Ben Guite, D.J King) at 10:09 (PP)
Penalties :
Nathan Davis (Min) for Slashing (Minor) at 2:04, Matt Gilroy (Min) for Holding (Minor) at 9:08, Matt Gilroy (Min) for High sticking (Double Minor) at 10:40, Brett Skinner (Nyc) for Cross-checking (Minor) at 19:52
3rd period
4. Wolves , Geoff Sanderson 33 (Chris Neil, Dan Fritsche) at 1:35 (PP)
Penalties :
Andrew Gordon (Nyc) for Hooking (Minor) at 1:56, Martin St. Pierre (Nyc) for Goalie Interference (Minor) at 4:33, Mark Katic (Min) for Hooking (Minor) at 12:17, Zenon Konopka (Nyc) for Roughing (Minor) at 17:57
Goalie Stats
Joey MacDonald (Nyc), 38 saves from 41 shots - (0,927), L, 28-22-2, 60:00 minutes
Julien Ellis (Min), 25 saves from 26 shots - (0,962), W, 28-25-2, 60:00 minutes
Players Stats for Patriotes
Player Name G A P +/- PIM S H SB GA TA FO MP PP MP PK MP
------------------------------------------------------------------------------------
A.J Thelen 0 0 0 -1 0 0 2 2 0 1 0/0 28:50 6:45 6:55
Andreas Nodl 0 0 0 0 0 0 1 0 1 0 1/2 9:15 0:49 0:00
Andrei Zyuzin 0 0 0 -1 0 1 1 2 0 1 0/0 28:50 6:45 6:55
Andrew Gordon 0 0 0 0 2 4 1 1 1 0 1/2 17:32 4:50 2:10
Ben Guite 0 1 1 0 0 4 0 0 0 0 0/2 24:10 5:26 6:51
Brett Skinner 0 0 0 0 2 1 0 2 1 0 0/0 21:33 4:12 5:03
Cade Fairchild 0 0 0 0 15 0 0 0 0 0 0/0 1:34 0:00 0:00
Carl Sneep 0 0 0 0 0 0 0 0 0 0 0/0 0:00 0:00 0:00
Christian Hanson 0 0 0 0 0 2 2 0 0 0 6/12 16:11 4:50 1:05
D.J King 0 1 1 0 0 1 2 1 0 0 1/5 22:53 5:34 5:09
Davis Drewiske 0 0 0 0 0 1 0 0 0 0 0/0 7:20 0:00 0:00
Fedor Fedorov 0 0 0 0 0 2 1 1 0 0 1/1 14:50 4:50 0:44
Joe Charlebois 0 0 0 0 0 0 0 0 0 1 0/0 7:03 0:00 0:41
Lauri Tukonen 0 0 0 -1 0 2 1 0 0 0 0/0 6:38 0:30 0:00
Liam Reddox 0 0 0 -1 0 0 0 0 0 0 0/0 5:29 0:01 0:00
Mario Bliznak 0 0 0 0 0 0 0 0 0 0 0/0 0:48 0:11 0:24
Martin St. Pierre 0 0 0 0 2 0 1 1 0 0 3/8 7:59 0:00 0:00
Mathieu Perreault 0 0 0 0 0 0 0 0 0 0 0/0 0:00 0:00 0:00
Matt Niskanen 0 0 0 0 0 1 0 0 1 1 0/0 21:45 4:12 5:34
Matt Watkins 0 0 0 0 0 0 0 0 0 0 0/0 0:19 0:19 0:00
Nigel Williams 0 0 0 0 0 0 2 0 0 0 0/0 3:03 0:00 0:10
Ryan Potulny 0 0 0 0 0 0 0 0 0 0 0/0 0:00 0:00 0:00
Ryan White 0 0 0 -1 0 0 0 0 0 0 0/3 5:18 0:00 0:00
T.J Galiardi 0 0 0 0 0 1 1 0 1 1 0/3 11:18 0:00 3:00
Zenon Konopka 1 0 1 0 4 6 1 2 1 0 17/32 22:38 5:31 5:55
Players Stats for Wolves
Player Name G A P +/- PIM S H SB GA TA FO MP PP MP PK MP
------------------------------------------------------------------------------------
Alexander Perezhogin 0 1 1 0 0 5 3 0 0 0 1/3 19:17 6:46 0:00
Bruno Gervais 0 0 0 0 0 3 0 1 0 1 0/0 23:08 7:37 1:50
Chris Neil 1 1 2 1 2 4 0 0 1 0 0/1 18:37 4:46 2:37
Cody McLeod 0 0 0 0 0 1 3 1 0 0 0/0 8:18 1:07 2:31
Dan Fritsche 0 1 1 0 0 2 1 0 0 0 4/9 19:00 5:26 5:49
Ethan Moreau 0 0 0 0 0 1 2 0 2 0 4/8 13:34 0:00 5:54
Geoff Sanderson 1 0 1 0 0 6 0 1 2 0 1/1 15:47 4:46 0:00
Jonas Junland 0 0 0 1 0 1 2 1 0 0 0/0 21:35 5:13 4:08
Marc-André Gragnani 0 0 0 0 0 0 1 1 0 0 0/0 20:56 5:02 7:07
Mark Fayne 0 0 0 0 0 0 0 2 0 1 0/0 16:16 0:09 6:22
Mark Katic 0 0 0 0 2 0 0 0 0 0 0/0 12:02 0:00 0:20
Matt Gilroy 0 0 0 1 6 1 5 0 0 3 0/0 26:21 7:17 2:07
Mike Zigomanis 0 1 1 0 0 3 3 0 0 0 19/27 21:33 6:46 1:42
Milan Bartovic 0 1 1 1 0 4 0 1 0 0 2/5 11:37 1:07 3:21
Nathan Davis 0 0 0 1 2 1 0 0 0 0 2/2 4:53 0:27 0:00
Rich Peverley 0 0 0 0 2 3 0 0 0 1 6/11 10:25 0:00 0:00
Tim Crowder 0 0 0 0 0 0 0 0 0 0 0/0 4:03 0:00 0:00
Vyacheslav Kozlov 1 0 1 0 0 6 1 1 0 0 1/3 19:36 6:46 0:00
3 Stars
1 - Julien Ellis (Min)
2 - Chris Neil (Min)
3 - Vyacheslav Kozlov (Min)
Power Play
Patriotes - 1 on 6 Attempt(s) - 16,67%
Wolves - 2 on 5 Attempt(s) - 40,00%
Penalty Kill
Patriotes - 3 on 5 Attempt(s) - 60,00%
- Score 0 goal in Penalty Kill
Wolves - 5 on 6 Attempt(s) - 83,33%
- Score 0 goal in Penalty Kill
Official
Referees : Banfield David and Pollock Kevin
Linesman : Mark Shewchyk and Steve Miller
Game Notes
Cade Fairchild ejected from game at 16:56 of 1st period
Cade Fairchild from Patriotes is suspended for 2 game(s)
15:43 of 2nd period - Wolves goal is going for a video replay. After video review, No Goal. The puck has been kicked using a distinct kicking motion.
Patriotes
5 vs 5 Forward
Center Left Wing Right Wing Time % Phy DF OF
1 Zenon Konopka D.J King Ben Guite 40 1 2 2
2 Christian Hanson Fedor Fedorov Andrew Gordon 30 1 2 2
3 Martin St. Pierre T.J Galiardi Andreas Nodl 20 1 2 2
4 Ryan White Liam Reddox Lauri Tukonen 10 1 2 2
5 vs 5 Defense
Defense Defense Time % Phy DF OF
1 Andrei Zyuzin A.J Thelen 40 1 2 2
2 Brett Skinner Matt Niskanen 30 1 2 2
3 Davis Drewiske Joe Charlebois 20 1 2 2
4 Nigel Williams Cade Fairchild 10 1 2 2
PowerPlay Forward
Center Left Wing Right Wing Time % Phy DF OF
1 Zenon Konopka D.J King Ben Guite 60 1 2 2
2 Christian Hanson Fedor Fedorov Andrew Gordon 40 1 2 2
PowerPlay Defense
Defense Defense Time % Phy DF OF
1 Andrei Zyuzin A.J Thelen 60 1 2 2
2 Brett Skinner Matt Niskanen 40 1 2 2
Penalty Kill 4 Players Forward
Center Wing Time % Phy DF OF
1 Zenon Konopka Ben Guite 60 1 2 2
2 D.J King Andrew Gordon 40 1 2 2
Penalty Kill 4 Players Defense
Defense Defense Time % Phy DF OF
1 Andrei Zyuzin A.J Thelen 60 1 2 2
2 Brett Skinner Matt Niskanen 40 1 2 2
Penalty Kill - 3 Players Forward
Forward Time % Phy DF OF
1 Zenon Konopka 60 1 2 2
2 Ben Guite 40 1 2 2
Penalty Kill - 3 Players Defense
Defense Defense Time % Phy DF OF
1 Andrei Zyuzin A.J Thelen 60 1 2 2
2 Brett Skinner Matt Niskanen 40 1 2 2
4 vs 4 Forward
Center Wing Time % Phy DF OF
1 Zenon Konopka Ben Guite 60 1 2 2
2 D.J King Andrew Gordon 40 1 2 2
4 vs 4 Defense
Defense Defense Time % Phy DF OF
1 Andrei Zyuzin A.J Thelen 60 1 2 2
2 Brett Skinner Matt Niskanen 40 1 2 2
Last Minutes Offensive
Center Left Wing Right Wing Defense Defense
Zenon Konopka D.J King Ben Guite Andrei Zyuzin A.J Thelen
Last Minutes Defensive
Center Left Wing Right Wing Defense Defense
Zenon Konopka D.J King Ben Guite Andrei Zyuzin A.J Thelen
Goaltenders
Starting : Joey MacDonald
Backup : Leland Irving
Extra Forwards
Normal : Andreas Nodl, Lauri Tukonen, T.J Galiardi - PP : Andreas Nodl, Lauri Tukonen - PK : T.J Galiardi
Extra Defensemen
Normal : Davis Drewiske, Joe Charlebois, Nigel Williams - PP : Davis Drewiske - PK : Joe Charlebois, Nigel Williams
Penalty Shots
Zenon Konopka, Ben Guite, D.J King, Andrew Gordon, Christian Hanson
Wolves
5 vs 5 Forward
Center Left Wing Right Wing Time % Phy DF OF
1 Mike Zigomanis Vyacheslav Kozlov Alexander Perezhogin 40 0 1 4
2 Rich Peverley Geoff Sanderson Chris Neil 30 1 0 4
3 Dan Fritsche Ethan Moreau Milan Bartovic 20 1 1 3
4 Nathan Davis Cody McLeod Tim Crowder 10 2 1 2
5 vs 5 Defense
Defense Defense Time % Phy DF OF
1 Matt Gilroy Bruno Gervais 40 1 3 1
2 Mark Katic Jonas Junland 30 1 3 1
3 Marc-André Gragnani Mark Fayne 20 2 2 1
4 Matt Gilroy Bruno Gervais 10 1 3 1
PowerPlay Forward
Center Left Wing Right Wing Time % Phy DF OF
1 Mike Zigomanis Vyacheslav Kozlov Alexander Perezhogin 60 0 1 4
2 Dan Fritsche Geoff Sanderson Chris Neil 40 0 1 4
PowerPlay Defense
Defense Defense Time % Phy DF OF
1 Bruno Gervais Matt Gilroy 60 0 2 3
2 Jonas Junland Marc-André Gragnani 40 0 2 3
Penalty Kill 4 Players Forward
Center Wing Time % Phy DF OF
1 Ethan Moreau Dan Fritsche 60 2 3 0
2 Milan Bartovic Chris Neil 40 2 3 0
Penalty Kill 4 Players Defense
Defense Defense Time % Phy DF OF
1 Marc-André Gragnani Mark Fayne 60 3 2 0
2 Jonas Junland Matt Gilroy 40 3 2 0
Penalty Kill - 3 Players Forward
Forward Time % Phy DF OF
1 Ethan Moreau 60 2 3 0
2 Dan Fritsche 40 2 3 0
Penalty Kill - 3 Players Defense
Defense Defense Time % Phy DF OF
1 Marc-André Gragnani Mark Fayne 60 1 4 0
2 Jonas Junland Matt Gilroy 40 1 4 0
4 vs 4 Forward
Center Wing Time % Phy DF OF
1 Mike Zigomanis Vyacheslav Kozlov 60 1 1 3
2 Geoff Sanderson Alexander Perezhogin 40 1 1 3
4 vs 4 Defense
Defense Defense Time % Phy DF OF
1 Mark Fayne Matt Gilroy 60 1 3 1
2 Mark Katic Marc-André Gragnani 40 1 3 1
Last Minutes Offensive
Center Left Wing Right Wing Defense Defense
Mike Zigomanis Vyacheslav Kozlov Alexander Perezhogin Marc-André Gragnani Matt Gilroy
Last Minutes Defensive
Center Left Wing Right Wing Defense Defense
Mike Zigomanis Ethan Moreau Chris Neil Mark Fayne Bruno Gervais
Goaltenders
Starting : Julien Ellis
Backup : Loïc Lacasse
Extra Forwards
Normal : Vyacheslav Kozlov, Geoff Sanderson, Mike Zigomanis - PP : Vyacheslav Kozlov, Geoff Sanderson - PK : Ethan Moreau
Extra Defensemen
Normal : Matt Gilroy, Marc-André Gragnani, Jonas Junland - PP : Matt Gilroy - PK : Marc-André Gragnani, Jonas Junland
Penalty Shots
Chris Neil, Vyacheslav Kozlov, Geoff Sanderson, Ethan Moreau, Alexander Perezhogin
% Time on Ice - Patriotes
Lines # - Real PCT - Wanted PCT - Time Play
Normal Forward
1 - 34% - 40% - 11:46
2 - 27% - 30% - 9:26
3 - 23% - 20% - 7:55
4 - 15% - 10% - 5:18
Normal Defense
1 - 39% - 40% - 13:21
2 - 34% - 30% - 11:49
3 - 18% - 20% - 6:22
4 - 8% - 10% - 2:53
PP Forward
1 - 56% - 60% - 6:06
2 - 44% - 40% - 4:51
PP Defense
1 - 62% - 60% - 6:45
2 - 38% - 40% - 4:12
PK Forward
1 - 76% - 60% - 9:38
2 - 24% - 40% - 3:01
PK Defense
1 - 56% - 60% - 7:05
2 - 44% - 40% - 5:34
PK3 Forward
1 - 0% - 60%
2 - 0% - 40%
PK3 Defense
1 - 0% - 60%
2 - 0% - 40%
44 Forward
1 - 78% - 60% - 1:33
2 - 22% - 40% - 0:26
44 Defense
1 - 92% - 60% - 1:49
2 - 8% - 40% - 0:10
Last Minute Offensive - 0:00
Last Minute Defensive - 0:00
Total
Forward - 60:00
Defense - 60:00
|
% Time on Ice - Wolves
Lines # - Real PCT - Wanted PCT - Time Play
Normal Forward
1 - 37% - 40% - 12:48
2 - 31% - 30% - 10:49
3 - 20% - 20% - 6:45
4 - 12% - 10% - 4:03
Normal Defense
1 - 41% - 40% - 13:58
2 - 36% - 30% - 12:27
3 - 19% - 20% - 6:33
4 - 4% - 10% - 1:27
PP Forward
1 - 60% - 60% - 7:32
2 - 40% - 40% - 5:07
PP Defense
1 - 60% - 60% - 7:37
2 - 40% - 40% - 5:02
PK Forward
1 - 69% - 60% - 7:36
2 - 31% - 40% - 3:21
PK Defense
1 - 50% - 60% - 5:29
2 - 50% - 40% - 5:28
PK3 Forward
1 - 0% - 60%
2 - 0% - 40%
PK3 Defense
1 - 0% - 60%
2 - 0% - 40%
44 Forward
1 - 72% - 60% - 1:26
2 - 28% - 40% - 0:33
44 Defense
1 - 63% - 60% - 1:15
2 - 37% - 40% - 0:44
Last Minute Offensive - 0:00
Last Minute Defensive - 0:00
Total
Forward - 60:00
Defense - 60:00
|
Play by Play
1st period
0:01 of 1st period - Mike Zigomanis wins face-off versus Ben Guite in neutral zone.
0:25 of 1st period - Matt Gilroy is hit by A.J Thelen and loses puck.
0:30 of 1st period - Snap shot by Christian Hanson.
0:30 of 1st period - Shot Misses the Net.
0:32 of 1st period - Backhand shot by Fedor Fedorov.
0:32 of 1st period - Stopped by Julien Ellis with a rebound.
0:34 of 1st period - Snap shot by Fedor Fedorov.
0:34 of 1st period - Shot Blocked by Bruno Gervais.
0:36 of 1st period - Wrist shot by Fedor Fedorov.
0:36 of 1st period - Shot Blocked by Geoff Sanderson.
0:38 of 1st period - Snap shot by Fedor Fedorov.
0:38 of 1st period - Shot Misses the Net.
0:50 of 1st period - Bruno Gervais is hit by Lauri Tukonen and loses puck.
0:55 of 1st period - Snap shot by Davis Drewiske.
0:55 of 1st period - Shot Misses the Net.
0:59 of 1st period - Wrist shot by Lauri Tukonen.
0:59 of 1st period - Stopped by Julien Ellis with a rebound.
1:01 of 1st period - Snap shot by Davis Drewiske.
1:01 of 1st period - Stopped by Julien Ellis without a rebound.
1:02 of 1st period - Dan Fritsche wins face-off versus Martin St. Pierre in Wolves zone.
1:07 of 1st period - Wrist shot by Milan Bartovic.
1:07 of 1st period - Stopped by Joey MacDonald with a rebound.
1:34 of 1st period - Mike Zigomanis is hit by Nigel Williams and loses puck.
1:49 of 1st period - Nigel Williams is hit by Cody McLeod and loses puck.
1:58 of 1st period - Mark Katic is hit by Christian Hanson and loses puck.
2:17 of 1st period - Snap shot by Andreas Nodl.
2:17 of 1st period - Shot Misses the Net.
2:49 of 1st period - A.J Thelen is hit by Matt Gilroy and loses puck.
3:31 of 1st period - Snap shot by Cody McLeod.
3:31 of 1st period - Shot Misses the Net.
3:33 of 1st period - Wrist shot by Marc-André Gragnani.
3:33 of 1st period - Shot Misses the Net.
3:58 of 1st period - Snap shot by Zenon Konopka.
3:58 of 1st period - Stopped by Julien Ellis without a rebound.
3:59 of 1st period - Mike Zigomanis wins face-off versus Zenon Konopka in Wolves zone.
4:20 of 1st period - Wrist shot by Zenon Konopka.
4:20 of 1st period - Shot Misses the Net.
4:22 of 1st period - Snap shot by Zenon Konopka.
4:22 of 1st period - Shot Misses the Net.
4:24 of 1st period - Wrist shot by Ben Guite.
4:24 of 1st period - Stopped by Julien Ellis without a rebound.
4:25 of 1st period - Rich Peverley wins face-off versus Christian Hanson in Wolves zone.
5:36 of 1st period - Snap shot by Cody McLeod.
5:36 of 1st period - Stopped by Joey MacDonald with a rebound.
6:28 of 1st period - Slapshot by Vyacheslav Kozlov.
6:28 of 1st period - Shot Misses the Net.
7:12 of 1st period - Snap shot by Andrei Zyuzin.
7:12 of 1st period - Stopped by Julien Ellis without a rebound.
7:13 of 1st period - Mike Zigomanis wins face-off versus Zenon Konopka in Wolves zone.
7:51 of 1st period - Slapshot by Nathan Davis.
7:51 of 1st period - Stopped by Joey MacDonald with a rebound.
8:12 of 1st period - Snap shot by Geoff Sanderson.
8:12 of 1st period - Stopped by Joey MacDonald with a rebound.
8:45 of 1st period - Icing by Matt Gilroy.
8:46 of 1st period - Milan Bartovic wins face-off versus Christian Hanson in Wolves zone.
9:16 of 1st period - Snap shot by Milan Bartovic.
9:16 of 1st period - Stopped by Joey MacDonald with a rebound.
9:18 of 1st period - Snap shot by Ethan Moreau.
9:18 of 1st period - Shot Misses the Net.
9:20 of 1st period - Snap shot by Dan Fritsche.
9:20 of 1st period - Stopped by Joey MacDonald without a rebound.
9:21 of 1st period - Mike Zigomanis wins face-off versus Christian Hanson in Patriotes zone.
9:30 of 1st period - Wrist shot by Vyacheslav Kozlov.
9:30 of 1st period - Shot Blocked by Fedor Fedorov.
10:07 of 1st period - Tim Crowder is hit by Nigel Williams and loses puck.
10:14 of 1st period - Wrist shot by Ben Guite.
10:14 of 1st period - Shot Misses the Net.
10:23 of 1st period - Icing by Cody McLeod.
10:24 of 1st period - Nathan Davis wins face-off versus Ryan White in Wolves zone.
10:44 of 1st period - Minor Penalty to Rich Peverley for Hooking.
10:44 of 1st period - Minor Penalty to Zenon Konopka for Boarding.
10:45 of 1st period - Andreas Nodl wins face-off versus Mike Zigomanis in Patriotes zone.
10:49 of 1st period - Icing by Ben Guite.
10:50 of 1st period - Mike Zigomanis wins face-off versus Andreas Nodl in Patriotes zone.
11:37 of 1st period - Snap shot by Alexander Perezhogin.
11:37 of 1st period - Shot Misses the Net.
11:39 of 1st period - Snap shot by Alexander Perezhogin.
11:39 of 1st period - Shot Blocked by A.J Thelen.
11:47 of 1st period - Wrist shot by Alexander Perezhogin.
11:47 of 1st period - Stopped by Joey MacDonald with a rebound.
12:05 of 1st period - Slapshot by Dan Fritsche.
12:05 of 1st period - Shot Misses the Net.
12:07 of 1st period - Slapshot by Marc-André Gragnani.
12:07 of 1st period - Shot Blocked by Andrei Zyuzin.
12:09 of 1st period - Slapshot by Dan Fritsche.
12:09 of 1st period - Shot Misses the Net.
12:11 of 1st period - Snap shot by Cody McLeod.
12:11 of 1st period - Shot Misses the Net.
12:40 of 1st period - Icing by Mark Fayne.
12:41 of 1st period - Alexander Perezhogin wins face-off versus Christian Hanson in Wolves zone.
12:44 of 1st period - Penalty to Rich Peverley is over, Rich Peverley is back on ice.
12:44 of 1st period - Penalty to Zenon Konopka is over, Zenon Konopka is back on ice.
13:00 of 1st period - Snap shot by Geoff Sanderson.
13:00 of 1st period - Shot Blocked by D.J King.
13:02 of 1st period - Slapshot by Rich Peverley.
13:02 of 1st period - Deflect By Alexander Perezhogin.
13:02 of 1st period - Stopped by Joey MacDonald with a rebound.
13:04 of 1st period - Snap shot by Alexander Perezhogin.
13:04 of 1st period - Stopped by Joey MacDonald without a rebound.
13:05 of 1st period - Martin St. Pierre wins face-off versus Dan Fritsche in Patriotes zone.
13:05 of 1st period - Martin St. Pierre is hit by Ethan Moreau.
13:39 of 1st period - Snap shot by Andrew Gordon.
13:39 of 1st period - Stopped by Julien Ellis without a rebound.
13:40 of 1st period - Zenon Konopka wins face-off versus Rich Peverley in Wolves zone.
13:43 of 1st period - Snap shot by Zenon Konopka.
13:43 of 1st period - Shot Misses the Net.
13:47 of 1st period - Snap shot by Zenon Konopka.
13:47 of 1st period - Stopped by Julien Ellis with a rebound.
13:59 of 1st period - Minor Penalty to Chris Neil for Hooking.
14:00 of 1st period - Ethan Moreau wins face-off versus Zenon Konopka in Wolves zone.
14:27 of 1st period - A.J Thelen is hit by Ethan Moreau and loses puck.
14:34 of 1st period - Wrist shot by Christian Hanson.
14:34 of 1st period - Stopped by Julien Ellis without a rebound.
14:35 of 1st period - Zenon Konopka wins face-off versus Milan Bartovic in Wolves zone.
14:36 of 1st period - Snap shot by Ben Guite.
14:36 of 1st period - Shot Misses the Net.
15:02 of 1st period - Fedor Fedorov is hit by Jonas Junland and loses puck.
15:10 of 1st period - Icing by A.J Thelen.
15:11 of 1st period - Christian Hanson wins face-off versus Ethan Moreau in Patriotes zone.
15:38 of 1st period - Snap shot by D.J King.
15:38 of 1st period - Shot Misses the Net.
15:40 of 1st period - Wrist shot by Zenon Konopka.
15:40 of 1st period - Shot Misses the Net.
15:42 of 1st period - Wrist shot by D.J King.
15:42 of 1st period - Shot Blocked by Milan Bartovic.
15:59 of 1st period - Penalty to Chris Neil is over, Chris Neil is back on ice.
16:37 of 1st period - Slapshot by Chris Neil.
16:37 of 1st period - Shot Misses the Net.
16:56 of 1st period - Major / Game Misconduct Penalty to Cade Fairchild for Unsportsmanlike conduct.
16:56 of 1st period - Cade Fairchild is ejected from game.
16:57 of 1st period - Mike Zigomanis wins face-off versus Zenon Konopka in Patriotes zone.
17:02 of 1st period - Wrist shot by Vyacheslav Kozlov.
17:02 of 1st period - Goal by Vyacheslav Kozlov - Patriotes : 0 - Wolves : 1.
17:03 of 1st period - Mike Zigomanis wins face-off versus Zenon Konopka in neutral zone.
17:36 of 1st period - Snap shot by Chris Neil.
17:36 of 1st period - Stopped by Joey MacDonald without a rebound.
17:37 of 1st period - D.J King wins face-off versus Dan Fritsche in Patriotes zone.
18:43 of 1st period - Snap shot by Geoff Sanderson.
18:43 of 1st period - Stopped by Joey MacDonald with a rebound.
18:45 of 1st period - Wrist shot by Geoff Sanderson.
18:45 of 1st period - Stopped by Joey MacDonald without a rebound.
18:46 of 1st period - Zenon Konopka wins face-off versus Mike Zigomanis in Patriotes zone.
19:33 of 1st period - D.J King is hit by Matt Gilroy and loses puck.
2nd period
0:01 of 2nd period - Zenon Konopka wins face-off versus Alexander Perezhogin in neutral zone.
0:14 of 2nd period - Slapshot by Alexander Perezhogin.
0:14 of 2nd period - Shot Misses the Net.
0:16 of 2nd period - Wrist shot by Vyacheslav Kozlov.
0:16 of 2nd period - Shot Misses the Net.
0:30 of 2nd period - Zenon Konopka is hit by Dan Fritsche.
1:18 of 2nd period - Slapshot by D.J King.
1:18 of 2nd period - Shot Misses the Net.
1:52 of 2nd period - Matt Niskanen is hit by Matt Gilroy and loses puck.
1:56 of 2nd period - Penalty to Cade Fairchild is over, Andrew Gordon is send on ice.
2:04 of 2nd period - Minor Penalty to Nathan Davis for Slashing.
2:05 of 2nd period - Christian Hanson wins face-off versus Ethan Moreau in Wolves zone.
2:06 of 2nd period - Slapshot by A.J Thelen.
2:06 of 2nd period - Shot Misses the Net.
2:38 of 2nd period - Wrist shot by Christian Hanson.
2:38 of 2nd period - Shot Misses the Net.
2:46 of 2nd period - Snap shot by Zenon Konopka.
2:46 of 2nd period - Stopped by Julien Ellis with a rebound.
4:04 of 2nd period - Penalty to Nathan Davis is over, Nathan Davis is back on ice.
4:22 of 2nd period - Wrist shot by Milan Bartovic.
4:22 of 2nd period - Stopped by Joey MacDonald with a rebound.
4:24 of 2nd period - Snap shot by Chris Neil.
4:24 of 2nd period - Goal by Chris Neil - Patriotes : 0 - Wolves : 2.
4:25 of 2nd period - Mike Zigomanis wins face-off versus Martin St. Pierre in neutral zone.
4:28 of 2nd period - Slapshot by Vyacheslav Kozlov.
4:28 of 2nd period - Deflect By Alexander Perezhogin.
4:28 of 2nd period - Shot Misses the Net.
4:28 of 2nd period - Puck is out of play.
4:29 of 2nd period - Mike Zigomanis wins face-off versus Martin St. Pierre in Patriotes zone.
5:04 of 2nd period - Snap shot by Milan Bartovic.
5:04 of 2nd period - Stopped by Joey MacDonald with a rebound.
5:06 of 2nd period - Slapshot by Matt Gilroy.
5:06 of 2nd period - Shot Blocked by Brett Skinner.
5:37 of 2nd period - Wrist shot by Alexander Perezhogin.
5:37 of 2nd period - Stopped by Joey MacDonald without a rebound.
5:38 of 2nd period - Mike Zigomanis wins face-off versus Christian Hanson in Patriotes zone.
5:49 of 2nd period - Wrist shot by Andrew Gordon.
5:49 of 2nd period - Shot Misses the Net.
5:56 of 2nd period - Off-side.
5:57 of 2nd period - Rich Peverley wins face-off versus Zenon Konopka in neutral zone.
6:22 of 2nd period - Andrew Gordon is hit by Alexander Perezhogin and loses puck.
6:31 of 2nd period - Wrist shot by Vyacheslav Kozlov.
6:31 of 2nd period - Stopped by Joey MacDonald with a rebound.
6:38 of 2nd period - Icing by A.J Thelen.
6:39 of 2nd period - Martin St. Pierre wins face-off versus Dan Fritsche in Patriotes zone.
6:44 of 2nd period - Dan Fritsche is hit by Andreas Nodl.
6:52 of 2nd period - Snap shot by Dan Fritsche.
6:52 of 2nd period - Shot Misses the Net.
7:28 of 2nd period - Snap shot by Geoff Sanderson.
7:28 of 2nd period - Shot Blocked by Andrew Gordon.
7:45 of 2nd period - Icing by Brett Skinner.
7:46 of 2nd period - Nathan Davis wins face-off versus Christian Hanson in Patriotes zone.
7:49 of 2nd period - Snap shot by Cody McLeod.
7:49 of 2nd period - Shot Misses the Net.
7:51 of 2nd period - Slapshot by Alexander Perezhogin.
7:51 of 2nd period - Shot Misses the Net.
8:09 of 2nd period - Mike Zigomanis is hit by Christian Hanson and loses puck.
8:38 of 2nd period - Snap shot by Christian Hanson.
8:38 of 2nd period - Deflect By Andrew Gordon.
8:38 of 2nd period - Shot Misses the Net.
8:38 of 2nd period - Puck is out of play.
8:39 of 2nd period - Zenon Konopka wins face-off versus Chris Neil in Wolves zone.
8:40 of 2nd period - Wrist shot by Ben Guite.
8:40 of 2nd period - Stopped by Julien Ellis with a rebound.
9:08 of 2nd period - Minor Penalty to Matt Gilroy for Holding.
9:09 of 2nd period - Ethan Moreau wins face-off versus Zenon Konopka in Wolves zone.
9:22 of 2nd period - Wrist shot by Zenon Konopka.
9:22 of 2nd period - Shot Blocked by Mark Fayne.
9:37 of 2nd period - Off-side.
9:38 of 2nd period - Fedor Fedorov wins face-off versus Milan Bartovic in neutral zone.
10:09 of 2nd period - Snap shot by Ben Guite.
10:09 of 2nd period - Deflect By Zenon Konopka.
10:09 of 2nd period - Goal by Zenon Konopka - Patriotes : 1 - Wolves : 2.
10:10 of 2nd period - Zenon Konopka wins face-off versus Vyacheslav Kozlov in neutral zone.
10:13 of 2nd period - Matt Gilroy is hit by A.J Thelen and loses puck.
10:36 of 2nd period - A.J Thelen is hit by Matt Gilroy and loses puck.
10:40 of 2nd period - Double Minor Penalty to Matt Gilroy for High sticking.
10:41 of 2nd period - Zenon Konopka wins face-off versus Ethan Moreau in Wolves zone.
10:44 of 2nd period - Snap shot by Zenon Konopka.
10:44 of 2nd period - Stopped by Julien Ellis with a rebound.
10:52 of 2nd period - Slapshot by Dan Fritsche.
10:52 of 2nd period - Stopped by Joey MacDonald without a rebound.
10:53 of 2nd period - Ethan Moreau wins face-off versus D.J King in Patriotes zone.
11:22 of 2nd period - Slapshot by Andrei Zyuzin.
11:22 of 2nd period - Shot Blocked by Marc-André Gragnani.
11:24 of 2nd period - Wrist shot by Fedor Fedorov.
11:24 of 2nd period - Stopped by Julien Ellis without a rebound.
11:25 of 2nd period - Milan Bartovic wins face-off versus Zenon Konopka in Wolves zone.
11:40 of 2nd period - Slapshot by Ben Guite.
11:40 of 2nd period - Shot Misses the Net.
13:22 of 2nd period - Andrew Gordon is hit by Cody McLeod and loses puck.
14:40 of 2nd period - Penalty to Matt Gilroy is over, Matt Gilroy is back on ice.
15:27 of 2nd period - Icing by Vyacheslav Kozlov.
15:28 of 2nd period - Andrew Gordon wins face-off versus Dan Fritsche in Wolves zone.
15:41 of 2nd period - Wrist shot by Rich Peverley.
15:41 of 2nd period - Shot Blocked by Brett Skinner.
15:43 of 2nd period - Wrist shot by Rich Peverley.
15:43 of 2nd period - Wolves goal is going for a video replay.
15:43 of 2nd period - The goal is refused. The puck has been kicked using a distinct kicking motion..
15:44 of 2nd period - Rich Peverley wins face-off versus Zenon Konopka in Patriotes zone.
15:45 of 2nd period - Snap shot by Geoff Sanderson.
15:45 of 2nd period - Stopped by Joey MacDonald with a rebound.
15:47 of 2nd period - Slapshot by Geoff Sanderson.
15:47 of 2nd period - Deflect By Zenon Konopka.
15:47 of 2nd period - Stopped by Joey MacDonald without a rebound.
15:48 of 2nd period - Zenon Konopka wins face-off versus Rich Peverley in Patriotes zone.
15:53 of 2nd period - Wrist shot by Chris Neil.
15:53 of 2nd period - Stopped by Joey MacDonald without a rebound.
15:54 of 2nd period - Mike Zigomanis wins face-off versus Zenon Konopka in Patriotes zone.
16:07 of 2nd period - Wrist shot by Vyacheslav Kozlov.
16:07 of 2nd period - Shot Misses the Net.
16:09 of 2nd period - Slapshot by Vyacheslav Kozlov.
16:09 of 2nd period - Stopped by Joey MacDonald with a rebound.
17:22 of 2nd period - Matt Niskanen is hit by Mike Zigomanis and loses puck.
17:39 of 2nd period - Fedor Fedorov is hit by Jonas Junland.
18:06 of 2nd period - D.J King is hit by Cody McLeod.
18:08 of 2nd period - Slapshot by Ben Guite.
18:08 of 2nd period - Stopped by Julien Ellis with a rebound.
18:36 of 2nd period - Snap shot by Milan Bartovic.
18:36 of 2nd period - Shot Blocked by Martin St. Pierre.
18:45 of 2nd period - Icing by Martin St. Pierre.
18:46 of 2nd period - Geoff Sanderson wins face-off versus Ryan White in Patriotes zone.
18:49 of 2nd period - Snap shot by Chris Neil.
18:49 of 2nd period - Deflect By Geoff Sanderson.
18:49 of 2nd period - Shot Misses the Net.
18:49 of 2nd period - Puck is out of play.
18:50 of 2nd period - Rich Peverley wins face-off versus Ryan White in Patriotes zone.
19:52 of 2nd period - Minor Penalty to Brett Skinner for Cross-checking.
19:53 of 2nd period - Vyacheslav Kozlov wins face-off versus Zenon Konopka in Patriotes zone.
3rd period
0:01 of 3rd period - Zenon Konopka wins face-off versus Mike Zigomanis in neutral zone.
0:08 of 3rd period - Wrist shot by Ben Guite.
0:08 of 3rd period - Stopped by Julien Ellis without a rebound.
0:09 of 3rd period - Zenon Konopka wins face-off versus Alexander Perezhogin in Wolves zone.
0:41 of 3rd period - A.J Thelen is hit by Mike Zigomanis.
0:51 of 3rd period - Bruno Gervais is hit by D.J King and loses puck.
1:15 of 3rd period - Snap shot by T.J Galiardi.
1:15 of 3rd period - Deflect By D.J King.
1:15 of 3rd period - Shot Misses the Net.
1:15 of 3rd period - Puck is out of play.
1:16 of 3rd period - Dan Fritsche wins face-off versus T.J Galiardi in Wolves zone.
1:27 of 3rd period - Slapshot by Marc-André Gragnani.
1:27 of 3rd period - Deflect By Chris Neil.
1:27 of 3rd period - Shot Misses the Net.
1:27 of 3rd period - Puck is out of play.
1:28 of 3rd period - Dan Fritsche wins face-off versus Zenon Konopka in Patriotes zone.
1:35 of 3rd period - Slapshot by Geoff Sanderson.
1:35 of 3rd period - Goal by Geoff Sanderson - Patriotes : 1 - Wolves : 3.
1:36 of 3rd period - Zenon Konopka wins face-off versus Mike Zigomanis in neutral zone.
1:36 of 3rd period - Zenon Konopka is hit by Alexander Perezhogin.
1:56 of 3rd period - Minor Penalty to Andrew Gordon for Hooking.
1:57 of 3rd period - Mike Zigomanis wins face-off versus Zenon Konopka in Patriotes zone.
2:06 of 3rd period - Snap shot by Vyacheslav Kozlov.
2:06 of 3rd period - Shot Blocked by Zenon Konopka.
2:08 of 3rd period - Slapshot by Matt Gilroy.
2:08 of 3rd period - Shot Blocked by Andrei Zyuzin.
2:10 of 3rd period - Slapshot by Matt Gilroy.
2:10 of 3rd period - Shot Misses the Net.
2:12 of 3rd period - Snap shot by Vyacheslav Kozlov.
2:12 of 3rd period - Shot Blocked by Zenon Konopka.
2:34 of 3rd period - Wrist shot by D.J King.
2:34 of 3rd period - Stopped by Julien Ellis with a rebound.
3:40 of 3rd period - Chris Neil is hit by Andrei Zyuzin.
3:56 of 3rd period - Penalty to Andrew Gordon is over, Andrew Gordon is back on ice.
4:00 of 3rd period - Slapshot by Andrei Zyuzin.
4:00 of 3rd period - Shot Blocked by Cody McLeod.
4:15 of 3rd period - Snap shot by Christian Hanson.
4:15 of 3rd period - Shot Blocked by Jonas Junland.
4:27 of 3rd period - Wrist shot by Andrew Gordon.
4:27 of 3rd period - Stopped by Julien Ellis without a rebound.
4:28 of 3rd period - Mike Zigomanis wins face-off versus Martin St. Pierre in Wolves zone.
4:28 of 3rd period - Mike Zigomanis is hit by Martin St. Pierre.
4:33 of 3rd period - Minor Penalty to Martin St. Pierre for Goalie Interference.
4:34 of 3rd period - Zenon Konopka wins face-off versus Vyacheslav Kozlov in Patriotes zone.
4:46 of 3rd period - Bruno Gervais is hit by Zenon Konopka and loses puck.
5:20 of 3rd period - D.J King is hit by Marc-André Gragnani and loses puck.
6:03 of 3rd period - Icing by Matt Gilroy.
6:04 of 3rd period - Dan Fritsche wins face-off versus T.J Galiardi in Wolves zone.
6:33 of 3rd period - Penalty to Martin St. Pierre is over, Martin St. Pierre is back on ice.
6:54 of 3rd period - Icing by A.J Thelen.
6:55 of 3rd period - Christian Hanson wins face-off versus Mike Zigomanis in Patriotes zone.
6:55 of 3rd period - Christian Hanson is hit by Alexander Perezhogin.
7:38 of 3rd period - Wrist shot by Ben Guite.
7:38 of 3rd period - Shot Misses the Net.
7:44 of 3rd period - Snap shot by Zenon Konopka.
7:44 of 3rd period - Stopped by Julien Ellis with a rebound.
7:58 of 3rd period - Snap shot by Lauri Tukonen.
7:58 of 3rd period - Shot Misses the Net.
8:18 of 3rd period - Wrist shot by Chris Neil.
8:18 of 3rd period - Shot Misses the Net.
8:20 of 3rd period - Slapshot by Bruno Gervais.
8:20 of 3rd period - Stopped by Joey MacDonald with a rebound.
8:22 of 3rd period - Slapshot by Matt Gilroy.
8:22 of 3rd period - Stopped by Joey MacDonald without a rebound.
8:23 of 3rd period - Zenon Konopka wins face-off versus Rich Peverley in Patriotes zone.
8:48 of 3rd period - Snap shot by Chris Neil.
8:48 of 3rd period - Stopped by Joey MacDonald without a rebound.
8:49 of 3rd period - Mike Zigomanis wins face-off versus Andrew Gordon in Patriotes zone.
8:58 of 3rd period - Wrist shot by Vyacheslav Kozlov.
8:58 of 3rd period - Stopped by Joey MacDonald without a rebound.
8:59 of 3rd period - Christian Hanson wins face-off versus Mike Zigomanis in Patriotes zone.
9:06 of 3rd period - Mike Zigomanis is hit by Fedor Fedorov and loses puck.
9:17 of 3rd period - Fedor Fedorov is hit by Vyacheslav Kozlov and loses puck.
9:30 of 3rd period - Andrew Gordon is hit by Mike Zigomanis and loses puck.
9:45 of 3rd period - Wrist shot by Andrew Gordon.
9:45 of 3rd period - Stopped by Julien Ellis with a rebound.
9:49 of 3rd period - Slapshot by Matt Niskanen.
9:49 of 3rd period - Stopped by Julien Ellis without a rebound.
9:50 of 3rd period - Zenon Konopka wins face-off versus Rich Peverley in Wolves zone.
9:53 of 3rd period - Snap shot by Ben Guite.
9:53 of 3rd period - Shot Misses the Net.
9:56 of 3rd period - Icing by Rich Peverley.
9:57 of 3rd period - Rich Peverley wins face-off versus D.J King in Wolves zone.
10:16 of 3rd period - Jonas Junland is hit by D.J King and loses puck.
10:34 of 3rd period - Icing by Andrei Zyuzin.
10:35 of 3rd period - Mike Zigomanis wins face-off versus D.J King in Patriotes zone.
10:36 of 3rd period - Wrist shot by Alexander Perezhogin.
10:36 of 3rd period - Shot Misses the Net.
10:38 of 3rd period - Snap shot by Bruno Gervais.
10:38 of 3rd period - Stopped by Joey MacDonald without a rebound.
10:39 of 3rd period - Christian Hanson wins face-off versus Mike Zigomanis in Patriotes zone.
10:48 of 3rd period - Snap shot by Mike Zigomanis.
10:48 of 3rd period - Shot Misses the Net.
10:50 of 3rd period - Wrist shot by Mike Zigomanis.
10:50 of 3rd period - Stopped by Joey MacDonald without a rebound.
10:51 of 3rd period - Mike Zigomanis wins face-off versus Zenon Konopka in Patriotes zone.
10:54 of 3rd period - Snap shot by Mike Zigomanis.
10:54 of 3rd period - Stopped by Joey MacDonald with a rebound.
10:56 of 3rd period - Slapshot by Alexander Perezhogin.
10:56 of 3rd period - Stopped by Joey MacDonald without a rebound.
10:57 of 3rd period - Zenon Konopka wins face-off versus Mike Zigomanis in Patriotes zone.
11:48 of 3rd period - Wrist shot by Ethan Moreau.
11:48 of 3rd period - Stopped by Joey MacDonald with a rebound.
11:50 of 3rd period - Wrist shot by Jonas Junland.
11:50 of 3rd period - Shot Misses the Net.
11:52 of 3rd period - Slapshot by Jonas Junland.
11:52 of 3rd period - Deflect By Ethan Moreau.
11:52 of 3rd period - Shot Blocked by A.J Thelen.
11:52 of 3rd period - Puck is out of play.
11:53 of 3rd period - Mike Zigomanis wins face-off versus Zenon Konopka in Patriotes zone.
11:58 of 3rd period - Slapshot by Vyacheslav Kozlov.
11:58 of 3rd period - Shot Misses the Net.
12:00 of 3rd period - Wrist shot by Mike Zigomanis.
12:00 of 3rd period - Stopped by Joey MacDonald with a rebound.
12:02 of 3rd period - Snap shot by Alexander Perezhogin.
12:02 of 3rd period - Deflect By Vyacheslav Kozlov.
12:02 of 3rd period - Shot Misses the Net.
12:02 of 3rd period - Puck is out of play.
12:03 of 3rd period - Mike Zigomanis wins face-off versus D.J King in Patriotes zone.
12:14 of 3rd period - Wrist shot by Vyacheslav Kozlov.
12:14 of 3rd period - Stopped by Joey MacDonald with a rebound.
12:16 of 3rd period - Snap shot by Vyacheslav Kozlov.
12:16 of 3rd period - Stopped by Joey MacDonald with a rebound.
12:17 of 3rd period - Minor Penalty to Mark Katic for Hooking.
12:18 of 3rd period - Zenon Konopka wins face-off versus Ethan Moreau in Wolves zone.
12:47 of 3rd period - Slapshot by Matt Niskanen.
12:47 of 3rd period - Shot Blocked by Mark Fayne.
12:49 of 3rd period - Wrist shot by Christian Hanson.
12:49 of 3rd period - Stopped by Julien Ellis with a rebound.
12:51 of 3rd period - Wrist shot by Andrew Gordon.
12:51 of 3rd period - Stopped by Julien Ellis without a rebound.
12:52 of 3rd period - Ethan Moreau wins face-off versus Ben Guite in Wolves zone.
13:17 of 3rd period - Jonas Junland is hit by Andrew Gordon and loses puck.
14:17 of 3rd period - Penalty to Mark Katic is over, Mark Katic is back on ice.
14:30 of 3rd period - Jonas Junland is hit by T.J Galiardi and loses puck.
14:37 of 3rd period - Wrist shot by Andreas Nodl.
14:37 of 3rd period - Shot Misses the Net.
14:39 of 3rd period - Slapshot by Joe Charlebois.
14:39 of 3rd period - Shot Blocked by Vyacheslav Kozlov.
14:59 of 3rd period - Slapshot by Lauri Tukonen.
14:59 of 3rd period - Stopped by Julien Ellis without a rebound.
15:00 of 3rd period - Christian Hanson wins face-off versus Rich Peverley in Wolves zone.
15:05 of 3rd period - Snap shot by Fedor Fedorov.
15:05 of 3rd period - Shot Misses the Net.
15:07 of 3rd period - Wrist shot by Andrew Gordon.
15:07 of 3rd period - Shot Misses the Net.
15:09 of 3rd period - Slapshot by Brett Skinner.
15:09 of 3rd period - Deflect By Marc-André Gragnani.
15:09 of 3rd period - Stopped by Julien Ellis with a rebound.
15:22 of 3rd period - Icing by Marc-André Gragnani.
15:23 of 3rd period - Rich Peverley wins face-off versus Martin St. Pierre in Wolves zone.
15:30 of 3rd period - Snap shot by T.J Galiardi.
15:30 of 3rd period - Stopped by Julien Ellis without a rebound.
15:31 of 3rd period - Martin St. Pierre wins face-off versus Milan Bartovic in Wolves zone.
15:32 of 3rd period - Snap shot by Andreas Nodl.
15:32 of 3rd period - Shot Misses the Net.
15:38 of 3rd period - Wrist shot by Milan Bartovic.
15:38 of 3rd period - Shot Misses the Net.
15:44 of 3rd period - Slapshot by Dan Fritsche.
15:44 of 3rd period - Shot Misses the Net.
15:46 of 3rd period - Snap shot by Bruno Gervais.
15:46 of 3rd period - Stopped by Joey MacDonald with a rebound.
15:56 of 3rd period - A.J Thelen is hit by Matt Gilroy and loses puck.
17:42 of 3rd period - Slapshot by Rich Peverley.
17:42 of 3rd period - Stopped by Joey MacDonald with a rebound.
17:44 of 3rd period - Snap shot by Rich Peverley.
17:44 of 3rd period - Shot Misses the Net.
17:46 of 3rd period - Snap shot by Geoff Sanderson.
17:46 of 3rd period - Shot Misses the Net.
17:48 of 3rd period - Slapshot by Jonas Junland.
17:48 of 3rd period - Stopped by Joey MacDonald with a rebound.
17:50 of 3rd period - Wrist shot by Rich Peverley.
17:50 of 3rd period - Stopped by Joey MacDonald without a rebound.
17:51 of 3rd period - Zenon Konopka wins face-off versus Dan Fritsche in Patriotes zone.
17:57 of 3rd period - Minor Penalty to Zenon Konopka for Roughing.
17:58 of 3rd period - Mike Zigomanis wins face-off versus T.J Galiardi in Patriotes zone.
18:03 of 3rd period - Slapshot by Alexander Perezhogin.
18:03 of 3rd period - Shot Misses the Net.
19:57 of 3rd period - Penalty to Zenon Konopka is over, Zenon Konopka is back on ice.
Output by the SimonT Hockey Simulator (STHS) for François Prévost -- Original Page W3C XHTML 1.0 Valid